[Event "56th Biel GMT Classical 2023"]
[White "Le,Quang Liem"]
[Black "Moussard,Jules"]
[Site "Biel"]
[Round "6.1"]
[Annotator "TA"]
[Result "1/2-1/2"]
[Date "2023.07.25"]
[WhiteElo "2728"]
[BlackElo "2654"]
[PlyCount "162"]
[TimeControl "60"]

1. d4 Nf6 2. Nf3 e6 3. c4 b6 4. g3 Ba6 5. b3 Bb4+ 6. Bd2 Be7 7. Nc3 d5 8. cxd5 exd5 9. Bg2 O-O 10. O-O Re8 11. Qc2 Nbd7 12. Ne5 Bb7 13. Rad1 h6 14. Bc1 (14. Nb5 {looks sharper.} c5 15. Bf4 cxd4 16. Qc7 )Bd6 15. Nc4 Bb4 16. Ne3 c6 17. a3 Bf8 18. Nf5 Re6 19. Rfe1 Qe8 20. Bh3 c5 21. Nb5 Rc6 {[%emt 0:2:2] Wards off Nc7} 22. Bf4 Qd8 (22... Ne4 $1 $11 {remains equal.} )23. Nbd6 $16 cxd4 24. Qd3 ({Much less strong is} 24. Nxb7 $6 Rxc2 25. Nxd8 Rxd8 $14 )({Better is} 24. Qb1 Ba6 25. Nxf7 (25. Nxd4 $2 Rxd6 26. Bg2 Nc5 $19 )(25. Rxd4 g5 $15 )Kxf7 26. Nxd4 )Bxd6 25. Nxd6 Nc5 26. Nxb7 $1 (26. Qxd4 $2 {too greedy.} Rxd6 27. Bxd6 Qxd6 $19 )Nxb7 27. Qxd4 Qe7 28. b4 Re8 29. Bg2 Re6 30. Bf3 Nd6 31. Bxd5 Nxd5 32. Qxd5 Ne4 {[%emt 0:0:8] aiming for ...Nc3.} 33. Qd3 {[%emt 0:4:18] Dodges Nc3} Nf6 34. Rd2 a5 35. bxa5 bxa5 36. Rc2 Qb7 37. Rd1 R6e7 38. Qf3 Ne4 39. Rdc1 Qb5 40. Be3 (40. Kg2 $142 )Qd5 {[%emt 0:0:0] [#]} ({Black should try} 40... Qa4 )41. Rc5 $1 Qd8 42. Rb5 Re6 43. Rf5 Rf6 44. Rxf6 Nxf6 45. Qc6 Qe7 (45... Qd5 $16 {was called for.} 46. Qxd5 Nxd5 )46. a4 Qa3 47. Rc3 (47. Bd4 $18 Rxe2 48. Bxf6 gxf6 49. Qc8+ Kh7 50. Qf5+ Kg7 51. Qg4+ Kf8 52. Rc8+ Re8 53. Rxe8+ Kxe8 54. Qc8+ Ke7 55. Qc7+ Kf8 56. Qxa5 )Qb4 48. Rc2 Re4 49. Qb5 Qxb5 50. axb5 {[%emt 0:0:2][%mdl 4096] Endgame Black must now prevent Bd2. KRB-KRN} Rb4 51. b6 Nd5 52. Rc8+ Kh7 {[%emt 0:0:2] [#]} 53. Bc5 $1 Nxb6 54. Rc7 Rb1+ 55. Kg2 {[%emt 0:0:2][%cal Oc7b7] And now Rb7! would win.} Na4 56. Bd4 Kg8 57. e3 Rb4 58. Rc8+ Kh7 59. Rf8 Rb7 60. g4 Nb6 61. Bxb6 Rxb6 62. Rxf7 $14 {[%emt 0:4:9] Hoping for Ra7. KR-KR} Ra6 $1 {[%emt 0:0:2] Prevents Ra7} 63. Rc7 a4 64. Rc2 a3 {[%emt 0:0:1] Strongly threatening ...a2.} 65. Ra2 g5 66. Kf1 Kg6 67. Ke2 h5 68. h3 hxg4 69. hxg4 Kf6 70. Kd3 Ke5 71. f3 Ra8 72. Kc4 Rc8+ 73. Kb3 Rf8 74. Rf2 ({Reject} 74. Kxa3 Rxf3 75. Kb4 Rxe3 $17 )Ra8 75. Ka2 Rd8 76. Rh2 Rd3 77. Rh5 Kf6 78. f4 Rxe3 79. Rxg5 Rg3 80. Rf5+ Kg6 81. Rg5+ Kf6 1/2-1/2

[Event "56th Biel GMT Classical 2023"]
[White "Deac,Bogdan-Daniel"]
[Black "Erigaisi Arjun"]
[Site "Biel"]
[Round "6.2"]
[Annotator "TA"]
[Result "1/2-1/2"]
[Date "2023.07.25"]
[WhiteElo "2693"]
[BlackElo "2710"]
[PlyCount "96"]
[TimeControl "60"]

1. Nf3 d5 2. g3 Nf6 3. Bg2 c5 4. O-O g6 5. c4 Bg7 6. Qa4+ {[%emt 0:5:10] A08: King's Indian Attack.} Nc6 {[%emt 0:0:31][%cal Bb8c6,Bc6d4,Bd4f3][%mdl 32] [#]} 7. d3 $146 (7. Ne5 {deserves consideration.} )({Predecessor:} 7. Ne5 Qd6 8. Nxc6 bxc6 9. cxd5 Nxd5 10. Nc3 O-O 11. Ne4 Qc7 12. Nxc5 Rb8 13. Rb1 {0-1 Rapport,R (2752)-Caruana,F (2782) Zagreb SuperUnited Blitz 2023 (9)} )O-O $11 8. Bd2 Bd7 9. cxd5 Nxd5 10. Nc3 Nd4 11. Qd1 Nxf3+ 12. Bxf3 Bc6 13. Bg2 Nb4 14. a3 Bxg2 15. Kxg2 Nc6 16. Rb1 Rc8 17. Qa4 b6 18. Rfc1 Qd7 19. Be3 h5 20. Ne4 Qb7 21. Kg1 (21. b4 {is more complex.} f5 22. Ng5 Nxb4+ 23. f3 )Rfd8 22. Nd2 Nd4 23. Bxd4 Rxd4 24. Qd1 h4 25. Nf3 hxg3 26. hxg3 Rdd8 (26... Rd5 $5 )27. Qa4 {[%emt 0:13:25] The position is equal.} Bf6 28. b4 cxb4 (28... b5 {simplifies} 29. Qa5 Rd5 30. bxc5 Rdxc5 31. Rxc5 Rxc5 32. a4 a6 )29. Qxb4 Kg7 (29... Rxc1+ {simplifies} 30. Rxc1 Rc8 31. Rxc8+ Qxc8 32. a4 Qc2 )30. Kg2 Rh8 (30... Rxc1 {simplifies} 31. Rxc1 b5 32. a4 a6 )31. Rh1 ({Of course not} 31. Kg1 a5 32. Qa4 Rxc1+ 33. Rxc1 Qd5 $17 )Rxh1 32. Rxh1 Rh8 (32... e5 {seems wilder.} 33. Qg4 b5 34. Qh3 a6 )33. Rxh8 (33. Rc1 {feels hotter.} b5 34. g4 a6 35. a4 )Kxh8 {[%emt 0:0:5][%mdl 4096] Endgame KQB-KQN} 34. a4 Kg8 35. Kg1 e6 36. Nd2 a6 37. Nc4 b5 38. axb5 {[%emt 0:0:33] [#] Strongly threatening b6.} Qxb5 39. Qxb5 axb5 {[%emt 0:0:5] KB-KN} 40. Nd2 Bc3 41. Nb3 f5 42. Kg2 Kf7 43. Kf3 e5 44. g4 Ke6 45. gxf5+ Kxf5 46. e4+ Kg5 47. Ke2 b4 48. f3 $1 Kf6 {[%emt 0:1:27] Weighted Error Value: White=0.05 (flawless) /Black=0.05 (flawless)} 1/2-1/2

[Event "56th Biel GMT Classical 2023"]
[White "Keymer,Vincent"]
[Black "Amin,Bassem"]
[Site "Biel"]
[Round "6.3"]
[Annotator "TA"]
[Result "1-0"]
[Date "2023.07.25"]
[WhiteElo "2690"]
[BlackElo "2694"]
[PlyCount "139"]
[TimeControl "60"]

1. d4 Nf6 2. Nf3 g6 3. Nbd2 Bg7 4. e4 d6 5. Bb5+ c6 6. Bc4 {[%emt 0:0:4] B07: Pirc Defence: Miscellaneous Systems.} O-O 7. O-O d5 8. exd5 {[%emt 0:0:5] The position is equal.} cxd5 {[%emt 0:1:47] [#]} 9. Bb3 $146 ({Predecessor:} 9. Bd3 Nc6 10. c3 e5 11. Nxe5 Nxe5 12. dxe5 Ng4 13. Nf3 Nxe5 14. Nxe5 Bxe5 15. Re1 Bc7 16. Be3 {½-½ Bona,S-Carruana Fuentes,R ESP-chT corr 1993} )Nc6 10. c3 Bf5 11. Re1 Qc7 12. Nf1 Rad8 13. Ng3 Bc8 14. Qe2 e6 15. h3 Na5 16. Ne5 Nd7 17. Nd3 Nxb3 18. axb3 a5 ({Black should try} 18... a6 $14 )19. Bf4 $16 Qb6 20. Ra3 {[%emt 0:7:20] White is more active.} Rfe8 21. Rea1 e5 22. dxe5 (22. Bxe5 $2 f6 23. Nf4 Qc6 24. Rxa5 b6 $19 )d4 23. Rxa5 {[%emt 0:4:47] And now cxd4 would win.} dxc3 24. bxc3 Qxb3 {[%emt 0:0:7][%cal Od7b6] Black is weak on the dark squares} 25. Ne4 h6 26. Nd6 Re7 (26... Qxc3 $142 27. Nxe8 Rxe8 )27. c4 $18 Nf8 28. Qd2 {[%emt 0:4:19] Rb5 is the strong threat.} Bf5 29. Nc5 Qc2 30. Qxc2 (30. Bxh6 Qxd2 31. Bxd2 Bxe5 32. Ncxb7 (32. Nxf5 gxf5 33. Bg5 f6 $17 )Rxd6 33. Nxd6 Bxd6 $16 )Bxc2 31. Ncxb7 {[%emt 0:0:41] A dynamic duo of knights.} ({Much less strong is} 31. Ndxb7 Rd4 )Rb8 {[%emt 0:0:1] [#]} 32. Rc1 $1 Ne6 33. Bg3 Nd4 {[%emt 0:1:10] aiming for ...Ne2+.} 34. Kh2 Bf5 (34... Rbxb7 $2 35. Nxb7 (35. Rd5 Rb1 $16 )Be4 36. Nc5 $18 )35. Rd1 Ne2 {[%emt 0:0:26] [#]} 36. Nd8 Rxd8 (36... Rd7 37. Nc6 )37. Nxf5 {[%emt 0:0:5][%mdl 64] Discovered Attack} Rxd1 38. Nxe7+ Kh7 39. Nc8 Nxg3 (39... Re1 $16 40. Ra7 Nxg3 {[%mdl 64] Remove Defender} 41. Kxg3 Bxe5+ 42. f4 Re3+ 43. Kf2 Bd4 44. Rxf7+ Kg8 )40. Kxg3 $16 {[%emt 0:0:0][%mdl 4096] Endgame KRB-KRN} ({Not} 40. fxg3 Re1 $14 )Rd3+ 41. f3 g5 42. Ne7 (42. Kf2 $18 )Rd4 43. Rc5 Bf8 44. Rc7 {[%emt 0:0:6] Nf5 would be deadly.} Bg7 {[%emt 0:0:7] [#]} 45. Kf2 $1 {[%emt 0:9:28] Black must now prevent Nf5.} Bxe5 46. Ke3 $1 Rd1 47. Rb7 Bf4+ 48. Ke4 Re1+ 49. Kd5 h5 50. c5 h4 51. Nc6 Kg6 52. Nd4 {[%emt 0:0:38] Dodges Re2} Rd1 53. c6 {[%emt 0:0:36] Hoping for c7.} Rd2 (53... Be3 {was called for.} 54. Rb4 Bf4 )54. c7 $18 Bxc7 55. Rxc7 Rxg2 {[%emt 0:0:3] KRN-KR} 56. Rc6+ f6 57. Ke6 (57. f4 $18 )g4 $2 {[%emt 0:2:54][%mdl 8192] Black cannot hold the game after this.} (57... Rd2 $16 58. Rd6 Ra2 )58. hxg4 {[%emt 0:2:20] Ke7 would kill now.} h3 59. Rc8 {[%emt 0:0:0] White threatens Rg8+ and mate.} h2 60. Rh8 Kg5 61. Kf7 Kf4 62. Rh3 Ke3 63. Nf5+ {[%emt 0:0:15] White mates.} Kf2 64. Kxf6 Kg1 65. g5 h1=Q 66. Rxh1+ Kxh1 67. g6 Kg1 68. g7 Kf2 69. Nh4 Rg3 70. f4 {[%emt 0:0:5] Weighted Error Value: White=0.11 (very precise) /Black=0.28 (precise)} 1-0

[Event "56th Biel GMT Classical 2023"]
[White "Yu,Yangyi"]
[Black "Navara,David"]
[Site "Biel"]
[Round "6.4"]
[Annotator "TA"]
[Result "1/2-1/2"]
[Date "2023.07.25"]
[WhiteElo "2735"]
[BlackElo "2689"]
[PlyCount "65"]
[TimeControl "60"]

1. e4 e5 2. Nf3 Nc6 3. Nc3 Nf6 4. Bb5 Nd4 5. Nxd4 exd4 6. e5 dxc3 7. exf6 Qxf6 8. dxc3 Bc5 9. Qe2+ {[%emt 0:0:8] The position is equal.} Qe7 {[%emt 0:1:42] C48: Four Knights: 4 Bb5, replies other than 4...Bb4.} 10. O-O Qxe2 11. Bxe2 d5 12. Re1 Be6 13. Bd3 O-O-O 14. Bf4 {[%emt 0:0:18] [#]} Bd6 $146 ({Predecessor:} 14... h6 15. Be5 Rhg8 16. Bh7 Rh8 17. Bd3 Rhg8 18. Bh7 Rh8 19. Bd3 {½-½ Radovanovic,N (2419)-Wagner,D (2584) Bundesliga 2122 2022 (4.8)} )15. Be5 Bxe5 16. Rxe5 Rde8 17. Rae1 Kd7 18. f4 {[%emt 0:0:22] [#] Hoping for f5.} f6 19. R5e3 g6 20. Kf2 Bf7 21. g4 Rxe3 22. Rxe3 $11 {[%emt 0:0:9][%mdl 4096] Endgame KRB-KRB} h5 23. g5 f5 24. a3 Kd6 25. Re5 Re8 26. Rxe8 Bxe8 {[%emt 0:0:3] KB-KB} 27. Ke3 c5 28. h4 a5 29. Be2 Ba4 30. Kd2 Bc6 31. Ke3 Ba4 32. Kd2 Bc6 33. Ke3 {[%emt 0:0:3] Not much happened in this game.   Weighted Error Value: White=0.00 (flawless) /Black=0.00 (flawless)} 1/2-1/2

[Event "56th Biel GMT Classical 2023"]
[White "Navara,David"]
[Black "Le,Quang Liem"]
[Site "Biel"]
[Round "7.1"]
[Annotator "TA"]
[Result "1/2-1/2"]
[Date "2023.07.26"]
[WhiteElo "2689"]
[BlackElo "2728"]
[PlyCount "74"]
[TimeControl "60"]

1. c4 e6 2. g3 d5 3. Bg2 Nf6 4. Nf3 dxc4 5. Qa4+ Bd7 6. Qxc4 {[%emt 0:0:10] A13: English Opening: 1...e6.} c5 7. Ne5 Qc8 8. Nc3 Nc6 9. Nxd7 Qxd7 10. a4 Be7 11. a5 O-O 12. O-O Rac8 13. d3 Rfd8 {[%emt 0:6:5] [#]} 14. Be3 $146 ({Predecessor:} 14. Bg5 Nd4 15. Bxf6 Bxf6 16. Qa4 Qc7 17. e3 Nc6 18. Rfd1 Nb4 19. Nb5 Qe7 20. Qb3 {1-0 Neverov,V (2413)-Joshua,A (2283) Budapest Vezerkepzo GM 04 2023 (5)} )Nb4 15. Qb5 Nc2 16. Bxb7 Rb8 {[%emt 0:2:3] [#] Hoping for ...Qxb5.} 17. a6 $1 Nxa1 18. Rxa1 {[%emt 0:0:33] aiming for b4.} Nd5 19. Qxd7 Rxd7 20. Bc6 Rdd8 {[%emt 0:0:19] Strongly threatening ...Nxe3.} 21. Bb7 {[%emt 0:6:43] This pair of bishops is nice.} Rd7 22. Bc6 Rdd8 {[%emt 0:0:9][%cal Bd7d8,Bd8b8,Bb8b2][%mdl 32] ...Nxe3 would be deadly. The position is equal.} 23. Nb5 {[%emt 0:0:13] [#]} Rxb5 24. Bxb5 Rb8 25. Bc4 Nxe3 26. fxe3 Rxb2 $11 {[%emt 0:0:8][%mdl 4096] Endgame KRB-KRB} 27. Ra5 h5 (27... Rxe2 $2 28. Rb5 $18 )28. Kf2 g6 29. Rb5 Rxb5 30. Bxb5 {[%emt 0:0:5] KB-KB} Bd8 31. Kf3 Kf8 32. h4 Ke7 33. e4 Bc7 34. Ba4 Bd8 35. Bb5 Bc7 36. Ba4 Bd8 37. Bb5 Bc7 {[%emt 0:0:9] Weighted Error Value: White=0.04 (flawless) /Black=0.02 (flawless)} 1/2-1/2

[Event "56th Biel GMT Classical 2023"]
[White "Amin,Bassem"]
[Black "Yu,Yangyi"]
[Site "Biel"]
[Round "7.2"]
[Annotator "TA"]
[Result "1/2-1/2"]
[Date "2023.07.26"]
[WhiteElo "2694"]
[BlackElo "2735"]
[PlyCount "48"]
[TimeControl "60"]

1. e4 e5 2. Bc4 Nf6 3. Nc3 Bc5 4. d3 c6 5. Nf3 d6 6. O-O O-O {[%emt 0:0:45] C27: Vienna Game: 2...Nf6 3 Bc4 Nxe4.} 7. h3 Nbd7 8. a3 Bb6 9. Ba2 Re8 {[%emt 0:1:46] [#]} 10. Re1 $146 ({Predecessor:} 10. Nh4 Nf8 11. Qf3 g6 12. Bg5 Kg7 13. Na4 Ne6 14. Bxe6 Rxe6 15. Nxb6 Qxb6 16. Rab1 {½-½ Moral Garcia,S (2264)-Merario Alarcon,A (2395) ESP-ch 85th Linares 2020 (6)} )Nf8 11. Be3 (11. Ng5 {is interesting.} Ne6 12. Qf3 a5 13. Bd2 )Be6 12. d4 Bxa2 13. Rxa2 exd4 {[%emt 0:3:13] The position is equal.} 14. Bxd4 Ba5 15. b4 Bb6 16. Ra1 Ne6 17. Bxb6 axb6 18. a4 Qc7 19. Qd3 Rad8 20. Rad1 Nf4 21. Qd2 Ne6 22. Qd3 Nf4 23. Qd2 Ne6 24. Qd3 Nf4 {[%emt 0:1:1] A rather calm draw.   Weighted Error Value: White=0.04 (flawless) /Black=0.03 (flawless)} 1/2-1/2

[Event "56th Biel GMT Classical 2023"]
[White "Erigaisi Arjun"]
[Black "Keymer,Vincent"]
[Site "Biel"]
[Round "7.3"]
[Annotator "TA"]
[Result "1-0"]
[Date "2023.07.26"]
[WhiteElo "2710"]
[BlackElo "2690"]
[PlyCount "173"]
[TimeControl "60"]

1. e4 e5 2. Nf3 Nc6 3. Bb5 a6 4. Ba4 Nf6 5. O-O Be7 6. Re1 b5 7. Bb3 O-O 8. h3 Bb7 9. d3 d5 {[%emt 0:0:41] seems to push 9...d6 aside. C88: Closed Ruy Lopez: Anti-Marshall Systems.} 10. exd5 Nxd5 11. Nbd2 Qd7 {[%emt 0:1:1] The position is equal.} 12. a4 Nf4 13. Ne4 Ng6 {[%emt 0:0:16] [#]} 14. h4 $146 ({Predecessor:} 14. Be3 h6 15. Nfd2 Nd4 16. Bxd4 exd4 17. Qh5 Kh8 18. Nf3 c5 19. g3 Rad8 20. axb5 axb5 {½-½ Niewiadomski,W (2432)-Lubas,J (2375) POL-ch64 final email 2021} )Qg4 (14... Nxh4 $2 15. Nxh4 Bxh4 16. Nc5 $18 )(14... Bxh4 15. Nxh4 Nxh4 16. Nc5 $16 (16. Qh5 Nf5 $16 ))15. Bg5 Bxg5 {[%emt 0:0:0][%mdl 64] Remove Defender} 16. hxg5 Rad8 (16... bxa4 17. Rxa4 Nf4 18. Ng3 $16 )17. axb5 axb5 18. g3 Bc8 19. Nfd2 Qh3 20. c3 {[%emt 0:0:17] Dodges Nd4} Rxd3 21. Qe2 Rfd8 22. Ra8 b4 23. Rea1 Qg4 24. f3 Qh3 {[%emt 0:18:21][%cal Od3d2] Threatens to win with ...Rxd2!} 25. Nf1 {[%emt 0:10:26] Really sharp!} bxc3 26. bxc3 Nd4 27. Bxf7+ (27. Qxd3 Nf4 28. gxf4 (28. Bxf7+ $2 Kxf7 29. Qc4+ Be6 $19 )Nxf3+ $19 )Kxf7 28. cxd4 (28. Qxd3 $2 Nf4 29. Qc4+ (29. gxf4 $2 Nxf3+ $19 {[%mdl 64] Discovered Attack} )Be6 30. g6+ (30. Qxc7+ Kg6 31. gxf4 Ne2+ 32. Kf2 Nxf4 )Kxg6 $19 )R3xd4 29. R1a7 Be6 (29... Kg8 $14 )30. Rxc7+ $16 Kg8 31. Raa7 R4d7 32. Rxd7 $1 Rxd7 33. Ra8+ Nf8 34. Nc5 (34. Ne3 {seems wilder.} Rf7 35. Qd1 Bd7 36. Qd6 )Re7 35. Qe4 {[%emt 0:6:35] Black is weak on the dark squares} (35. Qxe5 Qxf1+ 36. Kxf1 Bh3+ 37. Kf2 Rxe5 $17 )Qf5 36. Qc6 (36. Nxe6 $16 Qxe6 37. Ne3 )Bf7 37. Rd8 $40 {[%emt 0:3:19][%mdl 128] Black needs to defend precisely.} Qg6 38. Qa8 (38. Qxg6 {simplifies} Bxg6 39. Nd2 Re8 40. Rxe8 Bxe8 41. Nc4 )Be8 39. Qd5+ Kh8 {[%emt 0:3:47] Black is on the road to losing.} ({Black should try} 39... Ne6 $14 )40. Ne4 {[%emt 0:0:0] White has more active pieces.} (40. Rc8 $142 )Qe6 41. Qxe6 Nxe6 42. Rb8 {[%emt 0:0:17] And now Ne3 would win.} Kg8 43. Ne3 Kf8 44. Nc4 Nd4 (44... Rd7 $16 {was called for.} 45. Nxe5 Rd5 )45. Kf2 {[%emt 0:1:3] Ncd6 is the strong threat.} Nc6 (45... Nb5 $16 46. Ke3 Nc7 )46. Rc8 $1 $18 {[%emt 0:0:56] Black must now prevent Ncd6.} Na7 47. Ra8 {[%emt 0:0:54] aiming for Ncd6.} Nb5 48. Rb8 $1 Nc7 49. Ncd6 $1 Re6 50. Rc8 Nd5 51. Ke2 h6 {[%emt 0:5:2] [#]} (51... h5 $142 52. Kd3 Re7 )52. g6 $1 h5 (52... Nc7 53. Rxc7 )53. Kf2 h4 54. gxh4 {[%emt 0:3:23] h5 would be deadly.} Nf4 55. Rd8 Nxg6 56. Kg3 Nf4 57. Kg4 Nd5 58. h5 Nc7 59. Rc8 Nd5 60. Kg5 Re7 (60... Ne3 $142 61. Rb8 Nd5 )61. Nc5 e4 {[%emt 0:5:45] [#]} 62. Nd7+ $1 {[%emt 0:9:35][%mdl 576] Deflection, Back Rank. A dynamic duo of knights.} Kg8 63. fxe4 ({Inferior is} 63. Rxe8+ Rxe8 64. fxe4 (64. Nxe8 exf3 65. h6 gxh6+ 66. Kg6 f2 $19 )Re6 $17 )(63. Nxe8 Kf7 64. Nd6+ Ke6 $18 )Rxd7 $2 (63... Nc7 $18 64. Rxc7 Bxd7 )64. Rxe8+ {[%emt 0:0:6] White mates.} (64. Nxe8 Kf7 $16 )Kh7 65. exd5 Rxd6 {[%emt 0:0:14] KR-KR} 66. Re5 Kg8 {[%emt 0:5:47] [#]} 67. Rf5 $1 g6 68. hxg6 Kg7 {[%emt 0:0:3] [#]} 69. Kf4 $1 (69. Rf7+ Kg8 70. Rf5 Kg7 $18 )Kxg6 70. Ke4 Rf6 71. Re5 Rf1 72. Kd4 Rc1 73. d6 Ra1 74. Re2 Kf7 75. Kd5 Rc1 76. d7 Rd1+ 77. Kc6 Rc1+ 78. Kd6 Rd1+ 79. Kc7 Rc1+ 80. Kd8 Kf8 81. Rf2+ Kg7 82. Rf5 Kg6 83. Rf4 Kg7 84. Ke7 Re1+ 85. Kd6 Rd1+ 86. Ke6 Rd2 87. Rf5 {[%emt 0:0:9] An entertaining game by Erigaisi Arjun.   Weighted Error Value: White=0.10 (very precise) /Black=0.20 (precise)} 1-0

[Event "56th Biel GMT Classical 2023"]
[White "Moussard,Jules"]
[Black "Deac,Bogdan-Daniel"]
[Site "Biel"]
[Round "7.4"]
[Annotator "TA"]
[Result "1/2-1/2"]
[Date "2023.07.26"]
[WhiteElo "2654"]
[BlackElo "2693"]
[PlyCount "58"]
[TimeControl "60"]

1. e4 e5 2. Nf3 Nc6 3. Bb5 Nf6 4. d3 Bc5 5. Bxc6 dxc6 6. Nbd2 {[%emt 0:0:51] C65: Ruy Lopez: Berlin Defence (3...Nf6), unusual lines and 4 0-0 Bc5.} Nd7 7. O-O O-O 8. Nc4 f6 9. Nh4 {[%emt 0:0:0] 9.Kh1 is setting a new trend.} Rf7 10. Kh1 {[%emt 0:4:16] [#]} Nf8 $146 ({Predecessor:} 10... Bf8 11. Nf5 Nc5 12. Qh5 Be6 13. b3 Qd7 14. Be3 Kh8 15. Nh4 Kg8 16. Qe2 Re8 {0-1 Caruana,F (2783)-Firouzja,A (2793) Candidates Tournament 2022 (14)} )11. Be3 Ne6 12. Bxc5 Nxc5 13. Ne3 g6 14. g3 a5 15. Qe1 Bh3 16. Rg1 f5 {[%emt 0:14:40] [#]} (16... Ne6 $14 )17. Qc3 (17. exf5 $1 $16 Bxf5 18. Qc3 )Qd4 18. exf5 {[%emt 0:9:15] g4 would be deadly.} (18. Nf3 {looks sharper.} Qxc3 19. bxc3 fxe4 20. Ng5 )Qxc3 19. bxc3 {[%emt 0:0:2] g4 is the strong threat.} Bxf5 20. Nhxf5 gxf5 21. g4 fxg4 22. Nxg4 {[%emt 0:3:30] [#] aiming for Nh6+.} Kh8 23. Rae1 {[%emt 0:2:32] The position is equal.} Nd7 24. Nxe5 Nxe5 25. Rxe5 Rxf2 $11 {[%emt 0:0:11] KRR-KRR} 26. Rg2 Rf1+ 27. Rg1 Rf2 28. Rg2 Rf1+ 29. Rg1 Rf2 {[%emt 0:0:5] Weighted Error Value: White=0.11 (very precise) /Black=0.10 (very precise)} 1/2-1/2